Unix NetHack Version 5.0.0-0 post-release - last build Jun 10 2026 00:39:30 (3ee93aec679c4c4259841fe613dc97188e26a321,branch:main).

Game began 2026-06-23 14:33:35, ended 2026-06-23 15:03:03.

GdeVolpiano, neutral female human Archeologist

                ----       -------
                |..---     |..--.|                                 ------
           ---  |...|.-    |.....|                                ......#
          --.| --......- ---....#-                            ----......|
          #....................#-                             |........#-  --
          |...................-|                            ---.........---..|
          ----.........---- -..--                  ----     |................|
             |...........-  .-..--..---           --..|     |..........^.....|
             --..--...................--          #...---   |................|
             ..-- --............--.--..|          |-....|  --................|
              .--- ......... -.--    -.|   --------..--.| |...--....--.----.-
          ...-...........^.- ---     |.|   |..|.....--|.|--.-----.------   -
          .*.......-.......--        |.|   |....----- |.||..|   |.|
          ......)........).).        |.|   --....|.-  |.|#.-   --.|
          ---.........*).)..--- --   |.-----.........-|.#-.|   |..|
           --.....[...........--.q#q@Z.d.....-#.......#....|  --.--
           #....)*..**............| #.##..*.....#-.....--..|  |..--
           --...<*...............--  .........-- #.....||..|  |...|
            --).................--    ........|  --..-------   ----
             ---.|.|.|.--.  .|.-       -.--.--    ----
               -- ---        --         -  --
GdeVolpiano the Field Worker  St:11 Dx:12 Co:15 In:18 Wi:11 Ch:10  Neutral
Dlvl:6  $:15 HP:0(41) Pw:5(19) AC:0  Xp:5 T:2950 

Latest messages:
 You start digging.
 You hit the rock with all your might.
 You make an opening in the wall.
 Where do you want to travel to?
 (For instructions type a '?')
 You swap places with Indy.
 A lit field surrounds you!
 You start digging.
 You hit the rock with all your might.
 You make an opening in the wall.
 What do you want to wear? [hjkG or ?*]
 The rothe hits!
 The rothe bites!
 The rothe bites again!
 You finish your dressing maneuver.
 What do you want to wear? [hjk or ?*]
 You are now wearing a hooded cloak.
 The rothe hits!
 The rothe bites!
 The rothe misses!
 What do you want to wear? [hj or ?*]
 The rothe hits!
 The rothe bites!
 The rothe misses!
 The rothe misses!
 The rothe just misses!
 The rothe misses!
 You finish your dressing maneuver.
 What do you want to wear? [h or ?*]
 You finish your dressing maneuver.
 You miss the rothe.
 The rothe hits!
 The rothe just misses!
 The rothe misses!
 You miss the rothe.
 The elf zombie hits!
 The rothe hits!
 The rothe bites!
 The rothe bites again!
 You hit the elf zombie!
 The elf zombie misses!
 The rothe hits!
 The rothe misses!
 The rothe bites!
 You die...
 Do you want your possessions identified? [ynq] (y)
 Do you want to see your attributes? [ynq] (y)
 Do you want an account of creatures vanquished? [ynaq] (y)
 Do you want to see your conduct and achievements? [ynq] (y)
 Do you want to see the dungeon overview? [ynq] (y)

Inventory:
 Coins    ('$')
  $ - 15 gold pieces
 Weapons  (')')
  Y - a +0 aklys (alternate weapon; not wielded)
  e - a +0 dwarvish mattock (weapon in hands)
 Armor    ('[')
  h - an uncursed +0 helmet (being worn)
  j - an uncursed +0 pair of iron shoes (being worn)
  k - an uncursed +2 dwarvish cloak (being worn)
  G - an uncursed +0 elven mithril-coat (being worn)
 Potions  ('!')
  S - an uncursed potion of invisibility
  r - a blessed potion of object detection
  O - an uncursed potion of object detection
  V - an uncursed potion of sleeping
 Wands    ('/')
  J - a wand of cold (0:5)
  P - a wand of magic missile (0:7)
  n - a wand of magic missile (0:4)
  d - a wand of striking (0:4)
 Tools    ('(')
  s - an empty uncursed bag of holding
  B - an uncursed bag of holding containing 8 items
  i - an uncursed tin opener
 Gems/Stones  ('*')
  g - an uncursed touchstone

Contents of the bag of holding:
  802 gold pieces
  an uncursed fig
  4 uncursed food rations
  a cursed food ration
  an uncursed fortune cookie
  a +0 pick-axe
  an uncursed jade stone
  an uncursed jet stone

GdeVolpiano the Archeologist's attributes:

Background:
 You were a Field Worker, a level 5 female human Archeologist.
 You were neutral, nominally on a mission for Camaxtli
 who was opposed by Quetzalcoatl (lawful) and Huhetotl (chaotic).
 You were right-handed.
 You were in the Gnomish Mines, on level 6.
 You entered the dungeon 2950 turns ago.
 You had 288 experience points, 32 more were needed to attain level 6.

Basics:
 You had 0 out of 41 hit points.
 You had 5 out of 19 energy points (spell power).
 Your armor class was 0.
 Your wallet contained 15 zorkmids, and
 you had 802 more stashed away in your pack.
 Autopickup was on for '$?!/="+' plus thrown, with exceptions.

Final Characteristics:
 Your strength was 11 (limit:18/100).
 Your dexterity was 12 (limit:18).
 Your constitution was 15 (limit:18).
 Your intelligence was 18 (limit:18).
 Your wisdom was 11 (limit:18).
 Your charisma was 10 (limit:18).

Final Status:
 You weren't hungry.
 You were unencumbered.
 You were wielding a mattock.
 You had basic skill with pick-axe.

Final Attributes:
 You were piously aligned.
 Your items were somewhat protected from fire.
 Your items were somewhat protected from cold.
 You had automatic searching.
 You were stealthy.
 You were guarded.
 Your spell casting was impaired by metallic armor.
 You are dead.

Miscellaneous:
 You didn't encounter any bones levels.
 Total elapsed playing time was 29 minutes and 26 seconds.

Major events:
 Turn
    1: GdeVolpiano the neutral female human Archeologist entered the dungeon
  553: attained the rank of Field Worker (level 3)
 1507: entered the Gnomish Mines
 2950: killed by a rothe

Spells:
 Name                 Level Category     Fail Retention
 force bolt             1   attack       100%  76%-100%
 light                  1   divination   100%  76%-100%
 restore ability        4   healing      100%  76%-100%
 dig                    5   matter       100%  76%-100%

Skills:
 Fighting Skills
   bare handed combat [Unskilled]
   two weapon combat  [Unskilled]
   riding             [Unskilled]
 Weapon Skills
   dagger             [Unskilled]
   knife              [Unskilled]
   pick-axe           [Basic]
   short sword        [Unskilled]
   saber              [Unskilled]
   club               [Unskilled]
   quarterstaff       [Unskilled]
   sling              [Unskilled]
   dart               [Unskilled]
   boomerang          [Unskilled]
   whip               [Basic]
   unicorn horn       [Unskilled]
 Spellcasting Skills
   attack spells      [Unskilled]
   healing spells     [Unskilled]
   divination spells  [Unskilled]
   matter spells      [Unskilled]

Voluntary challenges:
 Character rerolling was not enabled.
 You were an atheist.
 You never genocided any monsters.
 You never polymorphed an object.
 You never changed form.
 You used no wishes.
Achievements:
 You attained the rank of Field Worker.
 You entered the Gnomish Mines.

 The Dungeons of Doom: levels 1 to 5
    Level 1:
    Level 2:
       Some fountains.
    Level 3:
       A fountain.
    Level 4:
       A fountain.
       Stairs down to The Gnomish Mines.
    Level 5:
 The Gnomish Mines: levels 5 to 6
    Level 5:
    Level 6: <- You were here.
       Final resting place for
          you, killed by a rothe.


Vanquished creatures:
  a gnome ruler
  a rock piercer
  2 shriekers
  a violet fungus
  2 gnome leaders
  a floating eye
  4 dwarves
  2 kobold leaders
  a kobold shaman
  a giant bat
 an orc zombie
 an acid blob
  2 hobbits
  2 large kobolds
  2 giant rats
  a yellow mold
 17 gnomes
  2 garter snakes
  a gecko
  2 jackals
  4 kobolds
  2 goblins
  9 grid bugs
  a bat
  4 lichens
  4 newts
71 creatures vanquished.

No species were genocided or became extinct.

Game over:
                       ----------
                      /          \
                     /    REST    \
                    /      IN      \
                   /     PEACE      \
                  /                  \
                  |   GdeVolpiano    |
                  |      817 Au      |
                  |   killed by a    |
                  |      rothe       |
                  |                  |
                  |                  |
                  |       2026       |
                 *|     *  *  *      | *
        _________)/\\_//(\/(/\)/\//\/|_)_______

Goodbye GdeVolpiano the Archeologist...

You died in The Gnomish Mines on dungeon level 6 with 2138 points,
and 817 pieces of gold, after 2950 moves.
You were level 5 with a maximum of 41 hit points when you died.

